Cogmind - Beta 15 @@@ ROGUE MODE // 2025.07.01 @ 08:38:01 Player: Carpathian Result: Destroyed self via exploding Fusion Modulator Performance ------------- Evolutions (1) 500 Regions Visited (3) 600 Robots Destroyed (27) 135 Value Destroyed (845) 845 Prototype IDs (0) 0 Alien Tech Used (0) 0 Bonus (0) 0 TOTAL SCORE: 2080 Bonus ------- None Cogmind --------- Core Integrity 0/400 Matter 300/300 Energy 240/240 System Corruption 0% Temperature Cool (99) Movement Walking (190) Ox1 Location -9/Materials Parts ------- > --- POWER (1) -------- Nuclear Core > --- PROPULSION (2) --- Carbon-fiber Leg > --- UTILITY (4) ------ Small Storage Unit Trap Scanner > --- WEAPON (2) ------- Spread Laser Beamcaster > --- INVENTORY (8) ---- Improved Ion Engine Scrap Suit Improved Heat Sink Beam Rifle Heavy Assault Rifle Peak State ------------ > --- POWER ------------ Nuclear Core > --- PROPULSION ------- Carbon-fiber Leg Carbon-fiber Leg > --- UTILITY ---------- Small Storage Unit Trap Scanner Targeting Computer > --- WEAPON ----------- Spread Laser Beamcaster > --- INVENTORY -------- Scrap Suit Improved Heat Sink [Rating: 22] Favorites ----------- Power Light Ion Engine Engine Light Ion Engine Power Core Nuclear Core Propulsion Light Treads Treads Light Treads Leg Carbon-fiber Leg Utility Small Storage Unit Device Trap Scanner Storage Small Storage Unit Processor Targeting Computer Weapon Medium Laser Energy Gun Medium Laser Ballistic Gun High-powered Shotgun Launcher Grenade Launcher Special Weapon Plasma Cutter Build | -11 -10 -10 -9 ------- Run | Yrd Mat Min Mat Slots Evolved 2 | . . . 2 Power . | . . . . Propulsion . | . . . . Utility 2 | . . . 2 Weapon . | . . . . Parts Attached 21 | 6 1 3 11 Power 4 | 1 . 1 2 Engine 2 | 1 . 1 . Core 2 | . . . 2 Reactor . | . . . . Propulsion 6 | 2 . . 4 Treads 2 | 2 . . . Leg 4 | . . . 4 Wheel . | . . . . Hover . | . . . . Flight . | . . . . Utility 3 | 1 1 . 1 Device 1 | . . . 1 Storage 1 | 1 . . . Processor 1 | . 1 . . Hackware . | . . . . Protection . | . . . . Artifact . | . . . . Weapon 8 | 2 . 2 4 Energy Gun 4 | 1 . . 3 Energy Cannon . | . . . . Ballistic Gun 2 | 1 . 1 . Ballistic Cannon . | . . . . Launcher 1 | . . 1 . Special Weapon 1 | . . . 1 Impact Weapon . | . . . . Slashing Weapon . | . . . . Piercing Weapon . | . . . . Special Melee Weapon . | . . . . Unidentified Prototypes . | . . . . Parts Lost 9 | . . 3 6 Power . | . . . . Propulsion 3 | . . 2 1 Utility 1 | . . . 1 Weapon 5 | . . 1 4 Highest Loss Streak 3 | . . 3 3 To Critical Strikes 1 | . . 1 . Average Backups 3 | 1 1 4 4 Power . | . 1 . . Propulsion . | . . . 1 Utility 1 | . . . 2 Weapon 1 | . . 3 . Tool/Special . | . . . . Unused Backups 5 | . . . 5 Power . | . . . . Propulsion . | . . . . Utility 2 | . . . 2 Weapon 3 | . . . 3 Tool/Special . | . . . . Average Slot Usage (%) 87 | . 94 91 79 Engine 9 | . 14 14 . Core 3 | . . . 10 Treads 14 | . 28 20 . Leg 6 | . . . 18 Device 3 | . . . 9 Storage 12 | . 14 14 11 Processor 11 | . 9 14 9 Energy Gun 13 | . 14 12 15 Ballistic Gun 10 | . 14 14 3 Peak Build Rating 22 | 6 7 9 22 Average Rating 10 | 4 6 8 17 On Entrance 5 | . 6 7 8 Naked Turns . | . . . . Heaviest Build 22 | 14 14 14 22 Greatest Support 40 | 40 40 40 30 Greatest Overweight (x) 5 | . . 4 5 Average Overweight (x) . | . . . . Largest Inventory Capacity 8 | 8 8 8 8 Average Capacity 7 | 7 8 8 8 Most Carried 8 | 4 3 6 8 Average Carried 4 | 1 1 4 5 Final Capacity 8 | 8 8 8 8 Final Carried 6 | 1 3 6 6 Class Distribution -------------------- 100% | Mutant Dominant Class ---------------- Mutant | -10/Materials Mutant | -10/Mines Mutant | -9/Materials Resources | -11 -10 -10 -9 ----------- Run | Yrd Mat Min Mat Matter Collected 661 | 192 32 220 217 Remotely . | . . . . Salvage Created 990 | . 177 238 575 Parts 49 | . 11 7 31 Haulers Intercepted . | . . . . Recyclers Shooed 2 | . . . 2 Parts Field Recycled . | . . . . Retrieved Matter . | . . . . Parts Self-Destructed . | . . . . Prevented . | . . . . Kills | -11 -10 -10 -9 ------- Run | Yrd Mat Min Mat Combat Hostiles Destroyed 33 | . 4 13 16 Guns 28 | . 4 11 13 AOE 5 | . . 2 3 Classes Destroyed 7 | . 2 1 4 Worker 1 | . . . 1 Tunneler 1 | . 1 . . Recycler 1 | . . . 1 Swarmer 4 | . . . 4 Grunt 18 | . 4 4 10 Sentry 2 | . . . 2 Assembled 9 | . . 9 . Best Kill Streak 9 | . 3 9 9 Combat Bots Only 9 | . 2 9 8 Max Kills in Single Turn 3 | . 1 3 3 Gunslinging 1 | . . . 1 Exploded 3 | . . 2 3 Melee . | . . . . Uniques/NPCs Destroyed . | . . . . Combat | -11 -10 -10 -9 -------- Run | Yrd Mat Min Mat Hostile Shots Fired 188 | . 22 52 114 Missed 49 | . 5 13 31 Hits 139 | . 17 39 83 Melee 4 | . . 4 . Projectile 135 | . 17 35 83 Critical Strikes 1 | . . 1 . Damage Taken 1938 | . 190 663 1085 Core 672 | . 12 191 469 Absorbed by Shields . | . . . . Core Remaining (%) 59 | 100 . 18 . Volleys Fired 94 | . 12 38 44 Largest 2 | . 2 2 2 Hottest 140 | . 70 75 140 Shots Fired 147 | . 24 57 66 Gun 142 | . 24 56 62 Cannon . | . . . . Launcher 1 | . . 1 . Special 4 | . . . 4 Kinetic 59 | . 12 42 5 Thermal 87 | . 12 14 61 Explosive 1 | . . 1 . Electromagnetic . | . . . . Robot Hit Streak 9 | . 6 6 9 Robot Miss Streak 10 | . 5 5 10 Penetration Max . | . . . . Secondary Targets 4 | . 1 1 2 Max Gunslinging Chain 1 | . 1 1 1 Shots Hit Robots 103 | . 14 40 49 Core Hits 93 | . 9 26 58 Critical Kills 1 | . . 1 . Critical Parts Destroyed 1 | . . 1 . Critical Strikes 7 | . . 3 4 Burn 5 | . . 1 4 Destroy 2 | . . 2 . Melee Attacks . | . . . . Impact . | . . . . Slashing . | . . . . Piercing . | . . . . Sneak Attacks . | . . . . Combat Hostiles . | . . . . Follow-up Attacks . | . . . . Damage Inflicted 2006 | . 184 758 1064 Guns 1555 | . 184 642 729 Cannons . | . . . . Explosions 451 | . . 116 335 Melee . | . . . . Ramming . | . . . . Kinetic 684 | . 109 518 57 Thermal 1047 | . 75 124 848 Explosive 116 | . . 116 . Electromagnetic 159 | . . . 159 Impact . | . . . . Slashing . | . . . . Piercing . | . . . . Highest Corruption 2 | . . 2 . Average Corruption 1 | . . 1 . Corruption Purged . | . . . . Corruption Blocked . | . . . . Effects 5 | . . 5 . Message Errors 1 | . . 1 . Matter Fused 1 | . . 1 . Energy Discharges 1 | . . 1 . Data Loss (minor) 1 | . . 1 . Misfires 1 | . . 1 . Overload Shots . | . . . . Overflow Damage . | . . . . Projectiles . | . . . . Explosions . | . . . . Melee . | . . . . Knockbacks . | . . . . Impact . | . . . . Kinetic . | . . . . Secondary . | . . . . Self-Inflicted Damage 246 | . . . 246 Shots 4 | . . . 4 Rammed . | . . . . Targets Rammed . | . . . . Kicked . | . . . . Crushed . | . . . . Highest Temperature 535 | . 123 100 535 Average Temperature 142 | . 56 47 193 Received Heat Transfer 414 | . 102 84 228 Effects 14 | . . . 14 Shutdowns 4 | . . . 4 Energy Bleed 2 | . . . 2 Interference 4 | . . . 4 Matter Decay 1 | . . . 1 Short Circuit 1 | . . . 1 Damage (minor) 2 | . . . 2 Siege Activations . | . . . . Martial Activations . | . . . . Shielding Activations . | . . . . Robots Disrupted . | . . . . Combat Hostiles . | . . . . Robots Corrupted . | . . . . Combat Hostiles . | . . . . Parts Fried . | . . . . Impact Corruptions . | . . . . Robots Melted . | . . . . Combat Hostiles . | . . . . Parts Melted 5 | . 1 1 3 Heat Transferred 2150 | . 222 444 1484 Parts Sabotaged . | . . . . Parts Stolen . | . . . . Parts Stripped . | . . . . Power Chain Reactions . | . . . . Alert | -11 -10 -10 -9 ------- Run | Yrd Mat Min Mat Maximum Alert Level 1 | . . . 1 Low Security (%) 91 | 100 100 100 73 Level 1 8 | . . . 26 Level 2 . | . . . . Level 3 . | . . . . Level 4 . | . . . . Level 5 . | . . . . High Security . | . . . . Max Security . | . . . . Peak Influence 285 | . 55 57 285 Initial 18 | . . 13 18 Average 31 | . 12 6 79 Influence Increases 737 | . 100 118 519 Destroy 0b10 Robot/C 480 | . 80 80 320 Destroy 0b10 Robot/NC 15 | . 5 . 10 Destroy Leader 90 | . 10 20 60 Successful Hack 7 | . 5 . 2 Disable Machine 75 | . . . 75 Destroy Structure 25 | . . 3 22 Lose Combat Pursuer 45 | . . 15 30 Influence Decreases 405 | . 65 104 236 Entered New Map 53 | . . 22 31 Time Decay 297 | . 65 82 150 Lost Part 55 | . . . 55 Squads Dispatched 5 | . 1 . 4 Investigation 2 | . . . 2 Extermination . | . . . . Reinforcement 3 | . 1 . 2 Assault . | . . . . Garrison . | . . . . Intercept . | . . . . Searches Triggered . | . . . . Construction Impeded . | . . . . Haulers Reinforced . | . . . . Active Scanning Responses . | . . . . Cargo Convoy Interrupts . | . . . . Stealth | -11 -10 -10 -9 --------- Run | Yrd Mat Min Mat Distress Signals 2 | . . 1 1 Communications Jammed . | . . . . Distress Signals . | . . . . Times Spotted 57 | . 8 13 36 Peak Tracking Total 9 | . 3 5 9 Tactical Retreats 4 | . . 2 2 Traps | -11 -10 -10 -9 ------- Run | Yrd Mat Min Mat Traps Triggered 3 | . . 2 1 Indirectly . | . . . . Trap Hack Attempts . | . . . . Triggered . | . . . . Disarmed . | . . . . Reprogrammed . | . . . . Reused . | . . . . Traps Extracted . | . . . . Installed . | . . . . Triggered . | . . . . Machines | -11 -10 -10 -9 ---------- Run | Yrd Mat Min Mat Machines Disabled 5 | . . . 5 Max in Single Turn 3 | . . . 3 Machines Repaired . | . . . . Machines Dismantled . | . . . . Machines Sabotaged . | . . . . Overloaded Fab Kills . | . . . . Hacking | -11 -10 -10 -9 --------- Run | Yrd Mat Min Mat Machines Accessed 5 | . 1 1 3 Terminals 4 | . 1 . 3 Fabricators . | . . . . Repair Stations . | . . . . Recycling Units . | . . . . Scanalyzers . | . . . . Garrison Access . | . . . . Total Hacks 8 | . 1 1 6 Successful 8 | . 1 1 6 Failed . | . . . . Catastrophic . | . . . . Database Lockouts . | . . . . Manual . | . . . . Terminals 7 | . 1 . 6 Fabricators . | . . . . Repair Stations . | . . . . Recycling Units . | . . . . Scanalyzers . | . . . . Garrison Access . | . . . . Terminal Hacks 8 | . 1 1 6 Record 4 | . . . 4 Open Door 1 | . . 1 . Locate Traps 1 | . . . 1 Hauler Manifests 1 | . 1 . . Zone Layout 1 | . . . 1 Fabricator Hacks . | . . . . Repair Station Hacks . | . . . . Recycling Unit Hacks . | . . . . Scanalyzer . | . . . . Garrison Access Hacks . | . . . . Unauthorized Hacks . | . . . . Terminals . | . . . . Fabricators . | . . . . Repair Stations . | . . . . Recycling Units . | . . . . Scanalyzers . | . . . . Garrison Access . | . . . . Data Cores Recovered 1 | . . . 1 Used . | . . . . Hacking Detections 2 | . . . 2 Full Trace Events 1 | . . . 1 Feedback Events . | . . . . Feedback Blocked . | . . . . Robot Schematics Acquired . | . . . . Robots Built . | . . . . Authchips . | . . . . Time . | . . . . Total Robot Build Rating . | . . . . Part Schematics Acquired . | . . . . Parts Built . | . . . . Authchips . | . . . . Time . | . . . . Total Part Build Rating . | . . . . Parts Repaired . | . . . . Time . | . . . . Parts Recycled . | . . . . Recycled Matter . | . . . . Retrieved Matter . | . . . . Retrieved Components . | . . . . Parts Scanalyzed . | . . . . Part Schematics Acquired . | . . . . Parts Damaged . | . . . . Bothacking | -11 -10 -10 -9 ------------ Run | Yrd Mat Min Mat Used RIF Installer . | . . . . Robots Hacked . | . . . . Non-combat . | . . . . Combat . | . . . . Robot Hacks Applied . | . . . . Relay Couplers Released . | . . . . Fabnet Peak Effective % . | . . . . Robots Rewired . | . . . . Allies Hacked . | . . . . Hacks Repelled . | . . . . Allies | -11 -10 -10 -9 -------- Run | Yrd Mat Min Mat Total Allies . | . . . . Largest Group . | . . . . Highest-Rated Group . | . . . . Highest-Rated Ally . | . . . . Total Orders . | . . . . Ally Attacks . | . . . . Total Damage . | . . . . Kills . | . . . . Allies Corrupted . | . . . . Allies Melted . | . . . . Intel | -11 -10 -10 -9 ------- Run | Yrd Mat Min Mat Active Infowar (turns) 453 | . . . 453 Traps 453 | . . . 453 Robot Analysis Total . | . . . . Derelict Logs Recovered . | . . . . Drone Launches . | . . . . Drone Recoveries . | . . . . Exploration | -11 -10 -10 -9 ------------- Run | Yrd Mat Min Mat Turns Passed 1518 | 86 271 666 495 Spaces Moved 736 | 55 145 317 219 Core 83 | 13 . 62 8 Treads 442 | 42 145 255 . Legs 211 | . . . 211 Wheels . | . . . . Hover . | . . . . Flight . | . . . . Fastest Speed 50 | 50 160 160 120 Average Speed 158 | 134 160 177 135 Slowest Speed 300 | 160 160 250 300 Overloaded Moves . | . . . . Propulsion Burnouts . | . . . . Robots Hopped . | . . . . Potential Cave-ins . | . . . . Cave-ins Triggered . | . . . . Exploration Rate (%) 28 | 4 24 59 28 Regions Visited 3 Branch Regions 1 Pre-discovered Areas . | . . . . Known Exits Taken . | . . . . Unknown Exits Taken 3 | 1 1 1 . Scrap Searched 1 | . . 1 . Spaces Dug . | . . . . Terrain Destroyed 25 | . . 3 22 Melee . | . . . . Projectile . | . . . . AOE 25 | . . 3 22 Terrain Rammed . | . . . . Walls Destroyed . | . . . . Machines Disabled . | . . . . Actions | -11 -10 -10 -9 --------- Run | Yrd Mat Min Mat Total 939 | 67 160 364 348 Wait 52 | . . . 52 Move 733 | 54 144 316 219 Hop . | . . . . Pick Up 28 | 7 3 4 14 Fast Attach . | . . . . Attach 15 | 6 1 1 7 Detach . | . . . . Swap 9 | . . 4 5 Drop 8 | . . 1 7 Fire 94 | . 12 38 44 Melee . | . . . . Ram . | . . . . Kick . | . . . . Crush . | . . . . Escape Stasis . | . . . . Rewire . | . . . . Trap . | . . . . Miscellaneous . | . . . . Route ------- -11/Scrapyard -10/Materials (discovered 2 exits: *Mat / *Min) -10/Mines -9/Materials (discovered 1 exit: [Mat]) History --------- Turn | Location | Event 9 | -11/Scrapyard | Discovered new exit (range 16) 87 | -11/Scrapyard | Entered Materials 260 | -10/Materials | Discovered new exit (range 14) 271 | -10/Materials | Discovered new exit (range 13) 314 | -10/Materials | Build established: Mutant 358 | -10/Materials | Entered Mines 366 | -10/Mines | Met a Derelict who couldn't figure out how to use a Trap Extractor 773 | -10/Mines | Assembled infested the area 778 | -10/Mines | Assisted by a Guerilla fighting off Assembled 840 | -10/Mines | Core integrity fell below 50% 878 | -10/Mines | Destroyed 9 combat bots 878 | -10/Mines | Lost 3 parts (2n1w) 944 | -10/Mines | Found a Scrap Suit stashed away for nefarious purposes 949 | -10/Mines | Found Scrap Suit 975 | -10/Mines | Discovered new exit (range 10) 988 | -10/Mines | Core integrity fell below 20% 1024 | -10/Mines | Entered Materials 1024 | -9/Materials | Evolved 2 slots: Utility x2 1411 | -9/Materials | Destroyed 8 combat bots 1457 | -9/Materials | Core integrity fell below 50% 1489 | -9/Materials | Lost 3 parts (1n1u1w) 1501 | -9/Materials | Discovered new exit (range 15) 1519 | -9/Materials | Destroyed self via exploding Fusion Modulator Last Messages --------------- thin in many areas. To temporarily address the growing threat of a larger [Derelict] incursion, a number of traps are being engineered and deployed as a more efficient way to hinder enemy advances and buy the time necessary to mobilize a garrisoned response force. Because traps are installed in areas regularly traveled by even non-combat robots, their sensitivity is set well below their maximum potential to avoid disruptions that could result from a damaged robot accidentally triggering one. 01501_ EXIT=FOUND >>Layout(Zone) Retrieving Zone 9F layout... Downloaded map data. 01501_ Connecting with Terminal... 01503_ K-01 Serf collects debris. 01517_ K-01 Serf cleans the Fusion Modulator. 01519_ Fusion Modulator explodes. 01519_ K-01 Serf destroyed. 01519_ Repair Station disabled. 01519_ Backup Power I tumbles out of repair station. 01519_ Backup Propulsion I tumbles out of repair station. Map ----- +----------------------------------------------------+ | ????????????????????????????????????????? | | ????????????????????????????????????????? | | ????????????????????????????????????????? | | ????????????????????????????????????????? | | ????????????????????????????????????????? | | ????????????????????????????????????????? | | ????????????????????????????????????????? | | ????????????????????????????????????????? | | ????????????????????????????????????????? | | ????????????????????????????????????????? | | ????????????????????????????????????????? | | ????????????????????????????????????????? | | ??????????# #???# """ #####?????????????? | | ###???????# #???# """ ""#???????????????? | | #???????# #???# """ Y"#???????????????? | | " ###########???# """ ""#???????????????? | | ## #???# """ ###???????????????? | | ! ##% #???# ######????????????? | | ##%*= * #???##+#####"""#????????????? | | ####=!* #????# ####; R"####?????????? | | + %= #????# ##;;;*= ;;;##????????? | | ####!=%[ #????# ##; #????????? | | #??#=%== ! #????# # ; ;#????????? | | #??#% ! #????# # ; Y! ;#????????? | | #??#=%=* #??### #;; ;#????????? | | #####+########## ;% @ ;#????????? | | % ;= ;#????????? | | T ; ##????????? | | =* %m ; #?????????? | | = #####+#/### # #?????????? | | ## % % ## ###########?????????? | | ## """ ## ## #???????????? | | ## "Y ## ## #???????????? | | ## """ ## ## ""#???????????? | | """ + ! ## ## T"#???????????? | | """ ## """% ## ## ""#???????????? | | """ ##= """ ## ## #???????????? | | ## """ # ###+####???????????? | | + # #???????????? | | ############ ### < #???????????? | | ???????????###?# #???????????? | | ???????????????# ###+#####??????????? | | ???????????????####### #??????????? | | ????????????????????????????????????????? | | ????????????????????????????????????????? | | ????????????????????????????????????????? | | ????????????????????????????????????????? | | ????????????????????????????????????????? | | | | | +----------------------------------------------------+ Best States ------------- Heat Dissipation 28 Energy Generation 14 Energy Capacity 250 Matter Stores 300 Matter Capacity 300 Sight Range 16 Terrain Scan Density 10 Evasion (%) 50 Targeting Accuracy 5 Recoil Reduction 2 Item Schematics ----------------- None Robot Schematics ------------------ None Fabricated ------------ Nothing Repaired ---------- Nothing Alien Tech Used ----------------- None Achievements -------------- None Challenges ------------ None Game ------ Seed ShadingGammaReplicator Manual? 0 Play Time 00:12:55 Cumulative 29.7 hours Start 2025.07.01 @ 08:26:07 End 2025.07.01 @ 08:38:01 Sessions 1 Manual Loads 0 Difficulty Rogue Special Mode None Game No. 166 Rogue 166 Adventurer 0 Explorer 0 Win Type - Total 0 Types 0/0/0/0/0/0/0/0/0/0 Lore% 7 Gallery% 23 Achievement% 19 Wizard Run 0 Options --------- Layout 0 ASCII 0 Keyboard 0 Movement Mouse Keybinds 0 Fullscreen 2 Font 24/Cog Map View 76x50 Zoom Use 0% Tactical HUD 1 Map Filters NONE Filters NONE Steam 1 RUN: 9de60e41-a3a0-4f33-b42e-28eb4e59b943